 Dungeon Crawl Stone Soup version bcrawl-1.40.2 (webtiles) character file.

Game seed: 2730766527246346129

390348 kosoiffoigrumme1174 the Covert (level 11, -3/66 HPs)
             Began as a Twilight Stalker Monk on Nov 9, 2023.
             Was a High Priest of Okawaru.
             Slain by a white ugly thing (20 damage)
             ... on level 10 of the Dungeon.
             The game lasted 00:24:36 (9393 turns).

kosoiffoigrumme1174 the Covert (VSMo)               Turns: 9393, Time: 00:24:37

Health: -3/66      AC: 13    Str: 15    XL:     11   Next: 58%
Magic:  0/26       EV: 19    Int: 10    God:    Okawaru [*****.]
Gold:   902        SH: 10    Dex: 19    Spells: 10/10 levels left

rFire    . . .     GDR:     34% a - +1 dagger (venom)
rCold    . . .     SeeInvis .   X - +0 medium shield
rNeg     . . .     Gourm    .   S - +3 troll leather armour
rPois    +         Faith    .   h - +0 helmet
rElec    .         Spirit   +   N - +2 cloak {+Inv}
rCorr    .         Reflect  .   l - +0 pair of gloves
MR       +....                  (no boots)
Stlth    ++++++++..             d - amulet of guardian spirit
HPRegen  1.01/turn              D - ring of magical power
MPRegen  0.20/turn              U - ring of poison resistance

@: heroism, finesse
A: fangs 3, nightstalker 1, regeneration 1, no potion heal 3, rot immunity,
draining bite, strong jaws, assimilated armour
a: Heroism, Finesse, Renounce Religion, Evoke Invisibility


You were on level 10 of the Dungeon.
You worshipped Okawaru.
Okawaru was extremely pleased with you.
You were not hungry.

You visited 2 branches of the dungeon, and saw 11 of its levels.

You collected 902 gold pieces.

Inventory:

Hand Weapons
 a - a +1 dagger of venom (weapon)
 b - a +2 mace of crushing
 c - a +5 blowgun
Missiles
 z - 1204 sling bullets
 G - 2159 stones
 I - 4 throwing nets {=f}
 P - 155 poisoned tomahawks (quivered)
 Q - 141 needles of confusion
 V - 150 poisoned needles
 W - 28 curare-tipped needles
Armour
 h - a +0 helmet (worn)
 l - a +0 pair of gloves (worn)
 N - a +2 cloak of invisibility (worn)
 S - a +3 troll leather armour (worn)
 X - a +0 medium shield (worn)
Jewellery
 d - an amulet of guardian spirit (around neck)
 s - an uncursed ring of see invisible
 D - a ring of magical power (left hand)
 E - an uncursed amulet of the acrobat {unknown}
 U - a ring of poison resistance (right hand)
Wands
 J - a wand of polymorph (21)
 K - a wand of paralysis (10)
 R - a wand of clouds (6)
 T - a wand of flame (8)
Scrolls
 f - 5 scrolls of remove curse
 g - a scroll of enchant weapon {unknown}
 k - 4 scrolls of noise
 m - a scroll of silence {unknown}
 t - 3 scrolls of revelation
 u - 2 scrolls of fog {unknown}
 w - 6 scrolls of fear {unknown}
 A - 6 scrolls of teleportation
 C - a scroll of amnesia {unknown}
 H - a scroll of blinking {unknown}
 O - 2 scrolls of immolation {unknown}
Potions
 n - 4 potions of agility
 o - 3 potions of curing
 p - 2 potions of brilliance
 q - 2 potions of flight
 r - 4 potions of lignification
 v - a potion of magic {unknown}
 x - 3 potions of resistance
 B - 2 potions of haste {unknown}
 F - a potion of might {unknown}
 M - a potion of mutation {unknown}
Comestibles
 e - 26 rations {!d}


   Skills:
 - Level 6.5(11.5) Fighting
 + Level 6.4(11.4) Short Blades
   Level 2.6(7.6) Axes
 - Level 7.8(12.8) Dodging
 - Level 12.0(17.0) Stealth
 - Level 6.3(11.3) Unarmed Combat
 + Level 7.6 Invocations
 + Level 4.4 Evocations


You had 10 spell levels left.
You didn't know any spells.
Your spell library contained the following spells:

 Spells                   Type           Power        Failure   Level  Hunger
 Sandblast                Erth           #.....       99%         1    None
 Static Discharge         Air            #.....       99%         1    None
 Ensorcelled Hibernation  Hex/Ice        #.....       100%        2    ####...
 Passwall                 Tmut/Erth      #.......     100%        2    ####...
 Shock                    Conj/Air       #......      100%        2    ####...
 Swiftness                Chrm/Air       #.......     100%        2    ####...
 Mephitic Cloud           Conj/Pois/Air  #.......     100%        3    #####..
 Stone Arrow              Conj/Erth      #.....       100%        3    #####..
 Lightning Bolt           Conj/Air       #.......     100%        4    ######.
 Petrify                  Tmut/Erth      #.........   100%        4    ######.
 Lee's Rapid Deconstruct  Erth           #.........   100%        5    #######
 Borgnjor's Vile Clutch   Necr/Erth      #.........   100%        6    #######
 Darkness                 Hex            #.........   100%        6    #######
 Infestation              Hex/Tmut/Pois  #........    100%        6    #######
 Shadow Creatures         Summ           N/A          100%        7    #######
 Time Stop                Chrm/Tloc      N/A          100%        8    #######


Dungeon Overview and Level Annotations

Branches:
Dungeon (10/12)            Temple (1/1) D:4            Lair (0/6) D:8
    Orc: D:8-11

Altars:
Ashenzari
Cheibriados
Dithmenos
Elyvilon
Fedhas
Gozag
Hepliaklqana
Kikubaaqudgha
Lugonu
Makhleb
Nemelex Xobeh
Okawaru
Qazlal
Ru
Sif Muna
Trog
Uskayaw
Vehumet
Wu Jian
Xom
Yredelemnul
Zin
The Shining One

Shops:
D:7 :

Annotations:
D:8 2 transporters, Cris's ghost, novice BaFi


Innate Abilities, Weirdness & Mutations

You have razor-sharp teeth.
You are slightly more attuned to the shadows.
Your natural rate of healing is unusually fast.
Potions cannot restore your health.
You are immune to rotting.
Your bite drains your enemy's life force.
Your bites deal extra damage.
Your stealth is less affected by armour.


Message History

The white ugly thing looks more poisoned.
You bite the white ugly thing.
Your bite drains the white ugly thing!
The white ugly thing is severely wounded.
You closely miss the white ugly thing.
You bite the white ugly thing, but do no damage.
The white ugly thing is severely wounded.
You block the white ugly thing's attack.
You hit the white ugly thing.
The white ugly thing looks more poisoned.
The white ugly thing is severely wounded.
You closely miss the white ugly thing.
The white ugly thing is severely wounded.
You puncture the white ugly thing!
The white ugly thing looks more poisoned.
Your bite misses the white ugly thing.
The white ugly thing is almost dead.
The white ugly thing trunk-slaps you.
* * * LOW HITPOINT WARNING * * *
The white ugly thing freezes you!!
You die...

### #.. #.# #.# ## #.#####
######### .##########.....#
#.$.......
.......%........#####.........
###########.....@u9.#.........
#.....###.'......... #.....#
###)........ # #.....#
#......... # #..>..#
#......... # ####.##
#......... # #%# ########## #
######


You could see a white ugly thing and a gargoyle.

Vanquished Creatures
  Harold (D:8)
  Psyche (D:9)
  A two-headed ogre (D:6)
  A cyclops (D:9)
  An ugly thing (D:10)
  2 kobold demonologists
  Maurice (D:8)
  A troll (D:9)
  Grinder (D:4)
  Prince Ribbit (D:9)
  A hippogriff (D:10)
  A vampire (D:8)
  A shadow (D:10)
  A wyvern (D:9)
  5 yaks (D:8)
  A hungry ghost (D:4)
  Eustachio (D:6)
  Menkaure (D:7)
  Edmund (D:5)
  2 porcupines (D:8)
  3 water moccasins
  Duvessa (D:6)
  3 sky beasts
  A black bear (D:8)
  4 orc warriors (D:8)
  An ice beast (D:7)
  2 ogres
  3 bullfrogs
  2 kobold brigands
  Dowan (D:6)
  A centaur (D:6)
  3 scorpions
  5 wights (D:8)
  3 howler monkeys
  6 orc priests
  2 electric eels (D:6)
  2 crimson imps (D:8)
  2 jellies
  3 hounds
  11 orc wizards
  Crazy Yiuf (D:6)
  A bullfrog skeleton (D:5)
  Terence (D:2)
  6 worker ants
  Natasha (thrice) (D:4)
  5 iguanas
  A hound zombie (D:6)
  A hound skeleton (D:5)
  A howler monkey zombie (D:8)
  Robin (D:4)
  A worker ant zombie (D:5)
  8 gnolls
  14 adders
  An adder zombie (D:7)
  4 worms
  3 dart slugs
  4 leopard geckos
  33 orcs
  2 giant cockroaches (D:3)
  11 goblins
  12 hobgoblins
  6 jackals
  2 quokkas
  2 ball pythons
  2 bats (D:1)
  4 frilled lizards
  14 kobolds
  6 rats
235 creatures vanquished.

Vanquished Creatures (others)
  11 fungi (D:8)
  9 plants
  7 toadstools (D:1)
27 creatures vanquished.

Grand Total: 262 creatures vanquished

Notes
Turn   | Place    | Note
-------+----------+-------------------------------------------
     0 | D:1      | kosoiffoigrumme1174 the Vine Stalker Monk began the quest
                  | for the Orb.
     0 | D:1      | Reached XP level 1. HP: 13/13 MP: 3/3
   115 | D:1      | Reached XP level 2. HP: 18/18 MP: 4/4
   313 | D:1      | Reached skill level 1 in Unarmed Combat
   969 | D:2      | Reached XP level 3. HP: 15/23 MP: 2/5
  1007 | D:2      | Found an ornate altar of the Wu Jian Council.
  1374 | D:2      | Noticed Terence
  1382 | D:2      | Killed Terence
  1383 | D:2      | Reached XP level 4. HP: 28/28 MP: 6/6
  1647 | D:3      | Found a shimmering blue altar of Sif Muna.
  1902 | D:3      | Reached XP level 5. HP: 32/32 MP: 5/7
  1948 | D:3      | HP: 1/32 [scorpion (2)]
  2138 | D:3      | Found a faded altar of an unknown god.
  2346 | D:3      | Gained mutation: You have razor-sharp teeth. [Vine Stalker
                  | growth]
  2346 | D:3      | Reached XP level 6. HP: 38/38 MP: 8/8
  2537 | D:4      | Noticed a hungry ghost
  2575 | D:4      | Killed a hungry ghost
  2576 | D:4      | Reached skill level 5 in Dodging
  2599 | D:4      | Reached XP level 7. HP: 37/44 MP: 7/9
  2785 | D:4      | Found a staircase to the Ecumenical Temple.
  2792 | Temple   | Entered the Ecumenical Temple
  2960 | Temple   | Became a worshipper of Warmaster Okawaru
  2960 | Temple   | Reached * piety under Okawaru
  2960 | Temple   | Reached ** piety under Okawaru
  3013 | D:4      | Noticed Natasha
  3019 | D:4      | Killed Natasha
  3054 | D:4      | Noticed Grinder
  3054 | D:4      | Noticed Robin
  3112 | D:4      | Killed Robin
  3150 | D:4      | Killed Grinder
  3151 | D:4      | Reached skill level 5 in Fighting
  3274 | D:4      | Gained mutation: Your bite drains your enemy's life force.
                  | [Twilight Stalker growth]
  3274 | D:4      | Gained mutation: Your stealth is less affected by armour.
                  | [Twilight Stalker growth]
  3274 | D:4      | Gained mutation: You are slightly more attuned to the
                  | shadows. [Twilight Stalker growth]
  3274 | D:4      | Reached XP level 8. HP: 44/49 MP: 10/10
  3427 | D:4      | Noticed Natasha
  3438 | D:4      | Killed Natasha
  3562 | D:4      | Noticed Natasha
  3564 | D:4      | Killed Natasha
  3611 | D:5      | Entered Level 5 of the Dungeon
  3623 | D:5      | Noticed Edmund
  3631 | D:5      | Killed Edmund
  3632 | D:5      | Reached skill level 5 in Unarmed Combat
  3745 | D:5      | Found a glowing silver altar of Zin.
  3745 | D:5      | Found an opulent altar of Gozag.
  3752 | D:5      | Reached *** piety under Okawaru
  3836 | D:5      | Found a sacrificial altar of Ru.
  3918 | D:5      | Noticed a kobold demonologist
  3940 | D:5      | Killed a kobold demonologist
  4393 | D:6      | Reached XP level 9. HP: 56/56 MP: 11/11
  4461 | D:6      | Noticed Duvessa
  4480 | D:6      | Noticed Dowan
  4481 | D:6      | Killed Duvessa
  4487 | D:6      | Killed Dowan
  4511 | D:6      | Found a runed door.
  4615 | D:6      | Noticed a two-headed ogre
  4627 | D:6      | Reached skill level 4 in Stealth
  4690 | D:6      | Reached skill level 1 in Short Blades
  4690 | D:6      | Reached skill level 1 in Evocations
  4784 | D:6      | Noticed Eustachio
  4814 | D:6      | Killed Eustachio
  4814 | D:6      | Reached **** piety under Okawaru
  4946 | D:6      | Killed a two-headed ogre
  4946 | D:6      | Reached ***** piety under Okawaru
  4947 | D:6      | Reached skill level 6 in Stealth
  5259 | D:6      | Noticed Crazy Yiuf
  5267 | D:6      | Killed Crazy Yiuf
  5337 | D:7      | Found Lilor's Book Emporium.
  5348 | D:7      | Noticed Menkaure
  5354 | D:7      | Killed Menkaure
  5355 | D:7      | Reached skill level 7 in Stealth
  5694 | D:7      | Reached XP level 10. HP: 61/61 MP: 14/14
  5859 | D:7      | Reached skill level 8 in Stealth
  6161 | D:8      | Found a bloodstained altar of Trog.
  6321 | D:8      | Reached skill level 9 in Stealth
  6404 | D:8      | Reached skill level 5 in Invocations
  6410 | D:8      | Reached skill level 10 in Stealth
  6573 | D:8      | Got an ancient mace
  6574 | D:8      | Found a staircase to the Lair.
  6609 | D:8      | Noticed Maurice
  6624 | D:8      | Killed Maurice
  6949 | D:8      | Noticed a moth of wrath
  6952 | D:8      | Found a transporter.
  7045 | D:8      | Reached skill level 11 in Stealth
  7118 | D:8      | Noticed Cris's ghost (novice BaFi)
  7128 | D:8      | Found a transporter.
  7539 | D:8      | Noticed a kobold demonologist
  7559 | D:8      | Killed a kobold demonologist
  7643 | D:8      | Noticed Harold
  7670 | D:8      | Killed Harold
  7671 | D:8      | Reached skill level 5 in Short Blades
  7671 | D:8      | Reached skill level 12 in Stealth
  7671 | D:8      | Reached XP level 11. HP: 21/66 MP: 4/16
  8402 | D:9      | Noticed Prince Ribbit
  8422 | D:9      | Killed Prince Ribbit
  8468 | D:9      | Noticed Psyche
  8476 | D:9      | Killed Psyche
  8529 | D:9      | Received a gift from Okawaru
  8997 | D:9      | Found a hazy altar of Hepliaklqana.
  8998 | D:9      | Found a sparkling altar of Nemelex Xobeh.
  9065 | D:9      | Noticed a cyclops
  9075 | D:9      | Killed a cyclops
  9265 | D:10     | Entered Level 10 of the Dungeon
  9315 | D:10     | Noticed a brown ugly thing
  9325 | D:10     | Killed a brown ugly thing
  9369 | D:10     | Noticed a white ugly thing
  9393 | D:10     | Slain by a white ugly thing

Skill      XL: |  1  2  3  4  5  6  7  8  9 10 11 |
---------------+----------------------------------+-----
Unarmed Combat | 1 2 3 4 6 |  6.3
Fighting       | 3 4 5 6 |  6.5
Dodging        | 4 5 6 7 |  7.8
Stealth        | 7 12 | 12.0
Short Blades   | 2 5 6 |  6.4
Evocations     | 2 3 4 |  4.4
Invocations    | 4 6 7 |  7.6
Axes           | |  2.6

Action                   |  1- 3 |  4- 6 |  7- 9 | 10-12 || total
-------------------------+-------+-------+-------+-------++-------
Melee: Hand axe          |   114 |   145 |    33 |       ||   292
       Bite              |    13 |    24 |    89 |   139 ||   265
       Spear             |       |       |   221 |   125 ||   346
       Dagger            |       |       |       |   198 ||   198
       Mace              |       |       |       |    30 ||    30
 Fire: Blowgun           |       |       |       |    15 ||    15
Throw: Tomahawk          |     5 |    17 |    51 |    56 ||   129
       Stone             |       |       |    13 |       ||    13
Invok: Heroism           |       |       |     8 |    15 ||    23
       Finesse           |       |       |       |     3 ||     3
Evoke: Wand              |       |       |     1 |       ||     1
  Use: Scroll            |       |     3 |     3 |     7 ||    13
 Stab: Distracted        |     1 |       |     1 |       ||     2
       Sleeping          |     1 |       |     3 |     7 ||    11
       Confused          |       |       |       |     2 ||     2
  Eat: Chunk             |     4 |     9 |    22 |    20 ||    55
       Ration            |       |     2 |       |     1 ||     3
Armor: Robe              |     6 |       |       |       ||     6
       Scale mail        |    13 |    75 |    35 |       ||   123
       Ring mail         |    14 |       |       |       ||    14
       Plate armour      |       |       |    27 |   126 ||   153
       Troll leather arm |       |       |       |    11 ||    11
Dodge: Dodged            |    68 |    67 |    77 |    80 ||   292
Block: Buckler           |     2 |    32 |    69 |    51 ||   154
       Medium shield     |       |       |       |    34 ||    34
